 Dungeon Crawl Stone Soup version 0.21-a0-84-g85d6d27 (webtiles) character file.

16 polean the Charmwright (level 2, -1/22 HPs)
             Began as a Human Skald on June 29, 2017.
             Slain by Terence
             ... wielding a +1 flail of crushing
              (9 damage)
             ... on level 2 of the Dungeon.
             The game lasted 00:10:02 (897 turns).

polean the Charmwright (Human Skald)                 Turns: 897, Time: 00:10:02

Health: -1/22      AC:  5    Str: 11    XL:     2   Next: 75%
Magic:  0/5        EV: 12    Int: 13    God:
Gold:   33         SH:  0    Dex: 15    Spells: 0/5 levels left

rFire    . . .     SeeInvis .   a - +0 short sword
rCold    + . .     Gourm    .   (no shield)
rNeg     . . .     Faith    .   b - +0 leather armour
rPois    .         Spirit   .   (helmet restricted)
rElec    .         Reflect  .   (no cloak)
rCorr    .         Harm     .   i - +0 pair of gloves
MR       .....                  k - +0 pair of boots
Stlth    +.........             (no amulet)
HPRegen  0.00/turn              h - +3 ring of dexterity
MPRegen  0.09/turn              (no ring)

@: infused (expiring), singing
A: antennae 1, cold resistance 1, inhibited regeneration, subdued magic 1
a: no special abilities


You were on level 2 of the Dungeon.
You were not hungry.

You visited 1 branch of the dungeon, and saw 2 of its levels.

You collected 33 gold pieces.

Inventory:

Hand Weapons
 a - a +0 short sword (weapon)
 e - a +0 dagger
 g - a +0 short sword
 j - a +0 dagger
 l - a +0 dagger
Missiles
 m - 25 sling bullets
 n - 20 stones (quivered)
Armour
 b - a +0 leather armour (worn)
 i - a +0 pair of gloves (worn)
 k - a +0 pair of boots (worn)
Jewellery
 h - a +3 ring of dexterity (left hand)
Books
 c - a book of Battle

   Spells                             Type                      Level
   a - Infusion                       Charms                       1
   b - Shroud of Golubria             Charms/Translocation         2
   c - Song of Slaying                Charms                       2
   d - Spectral Weapon                Hexes/Charms                 3
   e - Regeneration                   Charms/Necromancy            3
Comestibles
 d - a bread ration
 f - a chunk of flesh


   Skills:
 + Level 2.2 Fighting
 + Level 2.1 Short Blades
 + Level 1.2 Armour
 + Level 2.0 Dodging
 + Level 2.3 Spellcasting
 + Level 3.1 Charms


You couldn't memorise any spells.
You knew the following spells:

 Your Spells              Type           Power        Failure   Level  Hunger
a - Infusion              Chrm           #...         7%          1    #......
b - Song of Slaying       Chrm           #.......     11%         2    ###....
c - Shroud of Golubria    Chrm/Tloc      #.........   22%         2    ###....


Dungeon Overview and Level Annotations

Branches:
Dungeon (1/15)

Altars:

Annotations:
D:2 Terence


Innate Abilities, Weirdness & Mutations

You have a pair of small antennae on your head.
Your flesh is cold resistant. (rC+)
You do not regenerate when monsters are visible.
Your spells are a little easier to cast, but a little less powerful.


Message History

You hit Terence.
Terence is moderately wounded.
Terence misses you.
You completely miss Terence.
Terence is moderately wounded.
Terence hits you with a flail of crushing!
You hit Terence but do no damage.
Terence is moderately wounded.
Your magical infusion is running out.
You hit Terence.
Terence is moderately wounded.
Terence hits you but does no damage.
You hit Terence.
Terence is heavily wounded.
Terence hits you with a flail of crushing.
The rat twitches its whiskers.
You hit Terence but do no damage.
Terence is heavily wounded.
Terence hits you with a flail of crushing!
You die...

,,,,,,,#.........#
*,,**,*
*****,*#.........#
**,**,*
####*,*#.........#
*,,*,*
....,,*#.........#
**,*,*
####***#.........#
*,*,* #.........#
*,,,* #.........#
**,,* #
#...รท.....#######**
*,,* #
#........@@hr..(.,*
*,,* #
#.........#######,*
*,,* # #.........#
**,*****,,*
########.........#
*,,,,,,*,,*
.......#######'###
*,,,,,,**>,
.......'.......#
*,,,,,,+,,,
.......#########
*,,,,,,**** ########
*,,,,,,* *,,,,,,*


You could see Terence, a jackal and a rat.

Vanquished Creatures
  2 bats (D:1)
  A giant cockroach (D:1)
  4 goblins
  A hobgoblin (D:1)
  2 kobolds (D:1)
  A quokka (D:2)
  2 frilled lizards (D:1)
  2 rats (D:1)
15 creatures vanquished.

Notes
Turn   | Place    | Note
-------+----------+-------------------------------------------
     0 | D:1      | polean the Human Skald began the quest for the Orb.
     0 | D:1      | Reached XP level 1. HP: 16/16 MP: 3/3
   110 | D:1      | Reached XP level 2. HP: 20/22 MP: 0/5
   114 | D:1      | Learned a level 2 spell: Song of Slaying
   182 | D:1      | Gained mutation: You have a pair of small antennae on your head. [potion of mutation]
   182 | D:1      | Gained mutation: Your spells are a little easier to cast, but a little less powerful. [potion of mutation]
   182 | D:1      | Gained mutation: You do not regenerate when monsters are visible. [potion of mutation]
   182 | D:1      | Gained mutation: Your flesh is cold resistant. (rC+) [potion of mutation]
   186 | D:1      | Learned a level 2 spell: Shroud of Golubria
   445 | D:1      | You fall through a shaft!
   881 | D:2      | Noticed Terence
   897 | D:2      | Slain by Terence

Vault maps used:
D:1:      dpeg_arrival_windows_large_door, minmay_fountain_box,
          ashenzari_altar_1
D:2:      uniq_terence

Action                   || total
-------------------------++-------
Melee: Short sword       ||    95
 Cast: Infusion          ||     6
       Song of Slaying   ||     7
  Use: Scroll            ||     3
       Potion            ||     2
  Eat: Chunk             ||     1
Armor: Leather armour    ||    27
Dodge: Dodged            ||    62
